 Dungeon Crawl Stone Soup version 0.28-a0-476-g0f06bd746f (webtiles) character file.

Game seed: 930966630367367531

5270 zazu2006 the Covert (level 10, -4/84 HPs)
             Began as a Naga Hedge Wizard on Sept 16, 2021.
             Was a Believer of Vehumet.
             Slain by an ancient zyme (12 damage)
             ... on level 3 of the Abyss.
             The game lasted 00:29:21 (12302 turns).

zazu2006 the Covert (Naga Hedge Wizard)            Turns: 12302, Time: 00:29:22

Health: -4/84      AC:  7    Str: 13    XL:     10   Next: 62%
Magic:  26/26      EV: 10    Int: 17    God:    Vehumet [**....]
Gold:   754        SH:  0    Dex: 11    Spells: 12/24 levels left

rFire   + . .      SeeInvis +   v - +0 falchion
rCold   . . .      Faith    .   (no shield)
rNeg    . . .      Spirit   .   j - +0 steam dragon scales
rPois   +          Reflect  .   c - +0 hat
rElec   .          Harm     .   x - +0 cloak
rCorr   .          Rampage  .   (no gloves)
Will    +....                   (no barding)
Stlth   ++++......              (no amulet)
HPRegen 0.00/turn               p - +4 ring of slaying
MPRegen 0.20/turn               s - ring of magical power

@: badly diseased, very slow
A: AC +3, large, see invisible, deformed body, poison resistance, slowness 2,
spit poison 1, naga tail 1, stinger 1, fire resistance 1, MP-powered wands, [low
mp 2], [no potion heal 2]
a: Spit Poison, Renounce Religion


You were on level 3 of the Abyss.
You worshipped Vehumet.
Vehumet was pleased with you.
You visited 2 branches of the dungeon, and saw 8 of its levels.
You visited the Abyss 1 time.

You collected 754 gold pieces.

Inventory:

Hand Weapons
 v - a +0 falchion (weapon)
Missiles
 a - 38 poisoned darts
Armour
 c - a +0 hat (worn)
 j - +0 steam dragon scales (worn)
 x - a +0 cloak (worn)
Jewellery
 p - a +4 ring of slaying (left hand)
 s - a ring of magical power (right hand)
 u - a ring of fire
Wands
 b - a wand of charming (1)
 d - a wand of digging (8)
 n - a wand of flame (45)
 r - a wand of paralysis (7)
 t - a wand of mindburst (4)
Scrolls
 e - 3 scrolls of fog
 h - 3 scrolls of amnesia
 k - 3 scrolls of enchant armour
 m - a scroll of noise
 q - 3 scrolls of identify
 y - a scroll of fear
Potions
 f - a potion of mutation
 g - a potion of magic
 i - 5 potions of degeneration
 l - 2 potions of brilliance
 o - 2 potions of heal wounds {unknown}
 w - a potion of might
 z - 4 potions of curing


   Skills:
 + Level 3.6 Fighting
 + Level 3.0 Long Blades
 + Level 2.0 Throwing
 + Level 3.6 Armour
 + Level 3.3 Dodging
 + Level 8.1 Stealth
 + Level 7.8 Spellcasting
 + Level 7.0 Conjurations
 + Level 1.0 Summonings
 + Level 3.3 Translocations
 + Level 0.4 Fire Magic
 + Level 2.2 Air Magic
 - Level 5.0 Poison Magic
 + Level 0.8 Evocations


You had 12 spell levels left.
You knew the following spells:

 Your Spells              Type           Power      Damage    Failure   Level
a - Magic Dart            Conj           100%       1d8       1%          1
b - Mephitic Cloud        Conj/Pois/Air  22%        N/A       4%          3
c - Conjure Flame         Conj/Fire      19%        6-21      7%          3
d - Blink                 Tloc           N/A        N/A       4%          2
e - Dazzling Flash        Conj/Hex       36%        N/A       8%          3

Your spell library contained the following spells:

 Spells                   Type           Power      Damage    Failure   Level
 Searing Ray              Conj           60%        2d6       1%          2
 Lesser Beckoning         Tloc           17%        N/A       9%          3
 Beastly Appendage        Tmut           12%        N/A       11%         1
 Pain                     Necr           24%        1d5       11%         1
 Call Imp                 Summ           10%        N/A       11%         2
 Spider Form              Tmut/Pois      7%         N/A       12%         3
 Slow                     Hex            6%         N/A       16%         2
 Wereblood                Tmut           6%         N/A       16%         2
 Fulminant Prism          Conj/Hex       9%         3d7       24%         4
 Passage of Golubria      Tloc           N/A        N/A       26%         4
 Confusing Touch          Hex            6%         N/A       32%         3
 Vampiric Draining        Necr           3%         2d6       32%         3
 Manifold Assault         Tloc           17%        N/A       58%         5
 Summon Forest            Summ/Tloc      7%         N/A       77%         5
 Agony                    Necr           6%         N/A       96%         5
 Excruciating Wounds      Necr           3%         N/A       96%         5
 Lehudib's Crystal Spear  Conj/Erth      9%         10d4      100%        8
 Chain Lightning          Conj/Air       11%        3d14      100%        9


Dungeon Overview and Level Annotations

Branches:
Dungeon (7/15)             Temple (1/1) D:4

Altars:
Cheibriados
Dithmenos
Fedhas
Gozag
Hepliaklqana
Makhleb
Nemelex Xobeh
Okawaru
Qazlal
Ru
Sif Muna
Trog
Uskayaw
Vehumet
Wu Jian
Xom
Yredelemnul
The Shining One

Annotations:
D:3 Zenkrye's ghost, amateur PaAK
D:5 2 transporters


Innate Abilities, Weirdness & Mutations

Your serpentine skin is tough. (AC +3)
You have supernaturally acute eyesight. (SInv)
Armour fits poorly on your strangely shaped body.
Your system is resistant to poisons. (rPois)
You cover ground very slowly.
You can spit poison.
You have a snake-like lower body.
Your tail ends in a poisonous barb.
Your flesh is heat resistant. (rF+)
You expend magic power (3 MP) to strengthen your wands.
[Your magical capacity is very low. (-20% MP)]
[Potions cannot restore your health.]


Message History

The golden eye turns its gaze towards you.
The golden eye blinks!
The ancient zyme hits you! x2
Unknown command.
A wretched star comes into view.
The wretched star glows turbulently.
The lance of force misses you. The ancient zyme hits you!
The ancient zyme hits you.
You feel ill. The ancient zyme hits you! The ancient zyme misses you.
The wretched star pulses with an eldritch light!
Your system partially rejects the healing effects of potions.
Your system completely rejects the healing effects of potions.
Unknown command.
The ancient zyme hits you.
The ancient zyme hits you but does no damage.
A large abomination comes into view.
The golden eye blinks!
You feel ill.
The large abomination moves out of view.
The ancient zyme hits you but does no damage.
The ancient zyme barely misses you.
The wretched star pulses with an eldritch light!
You feel less energetic. x2
You feel ill. The ancient zyme hits you. The ancient zyme hits you!
* * * LOW HITPOINT WARNING * * *
You feel ill.
You feel ill. The ancient zyme hits you!
* * * LOW HITPOINT WARNING * * *
The ancient zyme hits you.
* * * LOW HITPOINT WARNING * * *
You feel ill.
You feel ill.
An iron imp comes into view.
The ancient zyme hits you.
* * * LOW HITPOINT WARNING * * *
The ancient zyme hits you but does no damage.
The ancient zyme hits you but does no damage.
The ancient zyme completely misses you. The ancient zyme hits you!
You die...

####### # #..
#.#..#.#######
#....
#....#..#.... ....
#... .....#.
###...# ##
#........#.##
...#. .. #5.#*##
##.#.....Z ##.
#.#Z*.#...#*# #
#...###.##.##..##.
.#
#.#.@#..##Z....###
..
#....x..##.##Z###
# #
#..##...###.##.##
#. .. #.. #.#.. #.
##.# #* #. .
#....##..
##*#...#.
#.#.#..##....
.#.#.#
#.#..#.##.##......
..# ..# ##.## .
##.. ...... #. .
#..# ....


You could see an ancient zyme.

Vanquished Creatures
  Pikel (D:4)
  An unseen horror (D:6)
  Grinder (D:6)
  A raiju (Abyss:1)
  A wyvern (D:7)
  Sigmund (D:2)
  Eustachio (D:6)
  2 steam dragons
  Menkaure (D:6)
  Edmund (D:5)
  An acid dragon (D:6)
  4 orc warriors
  3 ice beasts
  2 necrophages
  A sky beast (D:5)
  2 ogres
  3 lemures (D:4)
  A phantom (D:6)
  2 kobold brigands (D:4)
  2 bullfrogs
  A scorpion (D:6)
  3 water moccasin skeletons (D:6)
  7 killer bees (D:7)
  A howler monkey (D:7)
  2 wights (D:6)
  A vampire bat (D:4)
  3 centaur zombies
  5 bullfrog zombies
  3 orc priests
  2 hounds
  Crazy Yiuf (D:7)
  A jelly (D:6)
  A bullfrog skeleton (D:6)
  Ijyb (D:3)
  4 orc wizards
  Natasha (thrice) (D:2)
  2 iguanas
  A killer bee zombie (D:6)
  4 gnolls (D:7)
  6 adders
  2 shadow imps
  2 ufetubi
  A worm (D:3)
  3 dart slugs
  3 fire bats (D:4)
  27 orcs
  2 spectral bats (D:4)
  8 ball pythons
  3 bat skeletons (D:4)
  A bat zombie (D:4)
  8 endoplasms
  3 giant cockroaches
  7 goblins
  5 hobgoblins
  10 jackals
  2 quokkas
  12 bats
  A bat simulacrum (D:4)
  14 kobolds
  A quokka skeleton (D:4)
  3 rats
202 creatures vanquished.

Vanquished Creatures (others)
  A wight (D:6)
  A gnoll (D:6)
  4 fungi (D:3)
6 creatures vanquished.

Grand Total: 208 creatures vanquished

Notes
Turn   | Place    | Note
-------+----------+-------------------------------------------
     0 | D:1      | zazu2006 the Naga Hedge Wizard began the quest for the Orb.
     0 | D:1      | Reached XP level 1. HP: 15/15 MP: 4/4
   170 | D:1      | Reached skill level 1 in Poison Magic
   170 | D:1      | Reached XP level 2. HP: 17/22 MP: 0/6
  1142 | D:1      | Found a faded altar of an unknown god.
  1164 | D:1      | Reached XP level 3. HP: 13/28 MP: 1/7
  1168 | D:1      | Learned a level 3 spell: Mephitic Cloud
  1172 | D:1      | Learned a level 3 spell: Conjure Flame
  1531 | D:2      | Noticed Sigmund
  1793 | D:2      | Noticed Natasha
  1802 | D:2      | Killed Natasha
  1803 | D:2      | Reached XP level 4. HP: 25/36 MP: 2/9
  2203 | D:2      | Killed Sigmund
  2204 | D:2      | Reached XP level 5. HP: 22/43 MP: 4/11
  2447 | D:2      | Noticed Natasha
  2454 | D:2      | Killed Natasha
  2455 | D:2      | Reached skill level 1 in Fighting
  2455 | D:2      | Reached XP level 6. HP: 52/52 MP: 5/12
  2677 | D:2      | Noticed Natasha
  2684 | D:2      | Killed Natasha
  2993 | D:3      | Found a runed translucent gate.
  2993 | D:3      | Found a runed translucent gate.
  2993 | D:3      | Found a runed translucent gate.
  2996 | D:3      | Noticed Zenkrye's ghost (amateur PaAK)
  3259 | D:3      | Noticed an orc warrior
  3284 | D:3      | Killed an orc warrior
  3285 | D:3      | Reached skill level 4 in Stealth
  3614 | D:3      | Noticed Ijyb
  3619 | D:3      | Killed Ijyb
  4152 | D:4      | Reached XP level 7. HP: 54/58 MP: 10/13
  4312 | D:4      | Found a blossoming altar of Fedhas.
  4312 | D:4      | Found a bloodstained altar of Trog.
  4318 | D:4      | Found a stormy altar of Qazlal.
  4332 | D:4      | Found an iron altar of Okawaru.
  4373 | D:4      | Learned a level 2 spell: Blink
  4450 | D:4      | Found a shadowy altar of Dithmenos.
  4743 | D:4      | Noticed Pikel
  4764 | D:4      | Killed Pikel
  4765 | D:4      | Reached skill level 1 in Armour
  4765 | D:4      | Reached skill level 5 in Stealth
  4765 | D:4      | Reached skill level 5 in Spellcasting
  4765 | D:4      | Reached skill level 1 in Air Magic
  4765 | D:4      | Reached XP level 8. HP: 43/67 MP: 10/15
  5068 | D:4      | Found a staircase to the Ecumenical Temple.
  5190 | Temple   | Entered the Ecumenical Temple
  5215 | Temple   | Became a worshipper of Vehumet
  5299 | D:4      | Reached skill level 5 in Poison Magic
  6057 | D:4      | Reached * piety under Vehumet
  6057 | D:4      | Offered knowledge of Sandblast by Vehumet.
  6116 | D:4      | Reached skill level 1 in Long Blades
  6362 | D:5      | Entered Level 5 of the Dungeon
  6628 | D:5      | Reached skill level 5 in Conjurations
  6637 | D:5      | Noticed Edmund
  6667 | D:5      | Gained mutation: Your flesh is heat resistant. (rF+)
                  | [potion of mutation]
  6667 | D:5      | Gained mutation: Your tail ends in a poisonous barb.
                  | [potion of mutation]
  6667 | D:5      | Gained mutation: You expend magic power (3 MP) to
                  | strengthen your wands. [potion of mutation]
  6671 | D:5      | HP: 2/68 [ufetubus (4)]
  7005 | D:5      | Killed Edmund
  7161 | D:5      | Found an opulent altar of Gozag.
  7210 | D:5      | Found a transporter.
  7427 | D:5      | Found a transporter.
  7546 | D:5      | Reached XP level 9. HP: 25/74 MP: 13/18
  7796 | D:6      | Noticed Menkaure
  7797 | D:6      | Noticed Eustachio
  8132 | D:6      | Reached ** piety under Vehumet
  8389 | D:6      | Offered knowledge of Poisonous Vapours by Vehumet.
  8990 | D:6      | Found a shimmering blue altar of Sif Muna.
  8991 | D:6      | Found a hide-covered altar of Uskayaw.
  9006 | D:6      | Killed Menkaure
  9136 | D:6      | Noticed Grinder
  9146 | D:6      | Killed Eustachio
  9162 | D:6      | HP: 3/74 [water moccasin skeleton (4)]
  9164 | D:6      | Identified a scroll of acquirement
  9164 | D:6      | Acquired the Collected Works on Battle Magic and
                  | Displacement
  9455 | D:6      | Reached skill level 6 in Stealth
  9463 | D:6      | Killed Grinder
  9676 | D:6      | Reached skill level 1 in Throwing
  9855 | D:6      | Reached skill level 7 in Stealth
  9893 | D:6      | Noticed an unseen horror
  9911 | D:6      | Killed an unseen horror
  9912 | D:6      | Reached XP level 10. HP: 73/84 MP: 18/20
 10148 | D:6      | Offered knowledge of Dazzling Flash by Vehumet.
 10207 | D:6      | Learned a level 3 spell: Dazzling Flash
 11057 | D:7      | Reached skill level 8 in Stealth
 11207 | D:7      | Found a snail-covered altar of Cheibriados.
 11437 | D:7      | Found a glowing golden altar of the Shining One.
 11553 | D:7      | Found a burning altar of Makhleb.
 11859 | D:7      | Found a runed translucent door.
 11860 | D:7      | Noticed Crazy Yiuf
 11871 | D:7      | Killed Crazy Yiuf
 12002 | D:3      | Cast into level 1 of the Abyss (kobold)
 12011 | Abyss:1  | Found a hazy altar of Hepliaklqana.
 12035 | Abyss:1  | Noticed a starcursed mass
 12062 | Abyss:1  | Noticed a starcursed mass
 12066 | Abyss:1  | Noticed a thrashing horror
 12281 | Abyss:3  | Noticed a wretched star
 12287 | Abyss:3  | Noticed a large abomination
 12302 | Abyss:3  | Slain by an ancient zyme

Illustrated notes

Levels and vault maps discovered:
D:1:      psy_arrival_fountain, layout_loops_ring,
          shapermc_ecumenical_altar_notcrosses
D:2:      layout_loops_cross, dk_vineyard_2, corexii_shack, uniq_sigmund,
          uniq_natasha
D:3:      minmay_spotlight, layout_loops_ring, gammafunk_ghost_nasty_kobolds,
          uniq_ijyb
D:4:      cheibrodos_thug_alley, layout_loops_ring, grunt_dithmenos_smoke,
          grunt_temple_overflow_cloverleaf, lemuel_temple_firewalk_a,
          goddamned_bats, uniq_pikel
D:5:      gammafunk_cloud_chamber, layout_loops_ring,
          nicolae_gozag_cash_rules_everything_around_me,
          chequers_serial_rivers_large_b, uniq_edmund
D:6:      minmay_polygon_palace, layout_basic, gammafunk_temple_overflow_statue,
          uniq_menkaure, uniq_grinder, uniq_eustachio
D:7:      layout_loops_ring, tso_altar, makhleb_heckhound_becter,
          kennysheep_slug_shrine, uniq_crazy_yiuf_cottage
Temple:   compressed_dpeg_triangle_lava_temple
Abyss:3:  base: D:1, evilmike_abyss_rune_ettins

Skill      XL: |  1  2  3  4  5  6  7  8  9 10 |
---------------+-------------------------------+-----
Poison Magic   | 1 2 3 4 5 |  5.0
Spellcasting   | 4 5 6 7 |  7.8
Conjurations   | 2 3 4 5 6 7 |  7.0
Fighting       | 1 2 3 |  3.6
Dodging        | 2 3 |  3.3
Stealth        | 4 5 7 8 |  8.1
Armour         | 1 2 3 |  3.6
Air Magic      | 1 2 |  2.2
Long Blades    | 1 2 3 |  3.0
Translocations | 3 |  3.3
Throwing       | 1 2 |  2.0
Summonings     | |  1.0
Fire Magic     | |  0.4
Evocations     | |  0.8

Action                   |  1- 3 |  4- 6 |  7- 9 | 10-12 || total
-------------------------+-------+-------+-------+-------++-------
Melee: Dagger            |     7 |    15 |    31 |       ||    53
       Falchion          |       |       |    57 |    60 ||   117
Throw: Dart              |       |       |    16 |     4 ||    20
 Cast: Magic Dart        |    68 |    88 |   315 |   142 ||   613
       Mephitic Cloud    |       |     4 |    19 |    10 ||    33
       Blink             |       |       |    20 |     2 ||    22
       Conjure Flame     |       |       |     5 |     3 ||     8
 Abil: Spit Poison       |    13 |    11 |    24 |     8 ||    56
Evoke: Wand              |       |       |     9 |     3 ||    12
  Use: Scroll            |       |       |     9 |     1 ||    10
       Potion            |       |       |     7 |       ||     7
 Stab: Confused          |       |     1 |     7 |     7 ||    15
       Paralysed         |       |       |     7 |     4 ||    11
Armor: Robe              |    13 |     1 |       |       ||    14
       Leather armour    |       |     7 |    93 |    18 ||   118
       Steam dragon scal |       |       |       |    19 ||    19
Dodge: Dodged            |    16 |    12 |   131 |    70 ||   229

Table legend: (Time is in decaauts)
 A = Elapsed time spent in this place.
 B = Non-inter-level travel time spent in this place.
 C = Inter-level travel time spent in this place.
 D = Time resting spent in this place.
 E = Time spent auto-exploring this place.
 F = Levels seen in this place.
 G = Mean time per level.
                   A        B        C        D        E       F      G
               +--------+--------+--------+--------+--------+-----+--------+
         Total |  14623 |  14118 |    505 |   1581 |  10098 |  11 | 1329.4 |
       Dungeon |  14153 |  13673 |    480 |   1581 |  10069 |   7 | 2021.9 |
        Temple |     60 |     35 |     25 |      0 |     29 |   1 |   60.0 |
         Abyss |    410 |    410 |      0 |      0 |      0 |   3 |  136.7 |
               +--------+--------+--------+--------+--------+-----+--------+

Top non-repeatable levels by time:
     D:4: 2972 daAuts
     D:6: 2664 daAuts
     D:7: 1811 daAuts
     D:5: 1800 daAuts
     D:1: 1766 daAuts
     D:2: 1693 daAuts
     D:3: 1444 daAuts
 Abyss:1: 289 daAuts
 Abyss:3: 103 daAuts
  Temple: 60 daAuts
 Abyss:2: 18 daAuts
